 Dungeon Crawl Stone Soup version 0.31-a0-844-gdc52ec4e09 (webtiles) character file.

Game seed: 15214224672942746074

1659 BinkBink the Reanimator (level 8, -1/52 HPs)
             Began as a Mummy Necromancer on Sept 30, 2023.
             Slain by a wyvern (13 damage)
             ... on level 7 of the Dungeon.
             The game lasted 00:19:38 (7565 turns).

BinkBink the Reanimator (Mummy Necromancer)         Turns: 7565, Time: 00:19:39

Health: -1/52      AC:  4    Str: 11    XL:     8   Next: 68%
Magic:  14/20      EV: 12    Int: 16    God:
Gold:   214        SH:  0    Dex: 13    Spells: 22/23 levels left

rFire   . . .        e - staff of fire
rCold   + . .        (no shield)
rNeg    + + +        a - +0 robe
rPois   ∞            (no helmet)
rElec   .            (no cloak)
rCorr   .            (no gloves)
SInv    .            i - +1 pair of boots
Will    +....        h - amulet of the acrobat
Stlth   ++           (no ring)
HPRegen 0.28/turn    (no ring)
MPRegen 0.17/turn

%: acrobat, faith
@: no status effects
A: cold resistance 1, negative energy resistance 3, torment resistance 2, heat
vulnerability 1, in touch with death 1, no potions, faith
a: no special abilities


You were on level 7 of the Dungeon.
You visited 2 branches of the dungeon, and saw 8 of its levels.

You collected 214 gold pieces.

Inventory:

Missiles
 k - 2 throwing nets
Armour
 a - a +0 robe (worn)
 i - a +1 pair of boots (worn)
Magical Staves
 e - a staff of fire (weapon)
Jewellery
 h - an amulet of the acrobat (around neck)
Scrolls
 b - a scroll of vulnerability
 c - a scroll of enchant weapon
 d - 3 scrolls of teleportation
 f - 2 scrolls of enchant armour
 g - 2 scrolls of amnesia
 j - a scroll of brand weapon
 l - a scroll of fog {unknown}


   Skills:
 - Level 1.5 Dodging
 - Level 1.5 Stealth
 + Level 8.2 Spellcasting
 * Level 9.9 Necromancy


You had 22 spell levels left.
You knew the following spells:

 Your Spells              Type           Power      Damage    Failure   Level
a - Necrotise             Necr           100%       1d9       1%          1

Your spell library contained the following spells:

 Spells                   Type           Power      Damage    Failure   Level
 Vampiric Draining        Necr           55%        2d9       1%          3
 Animate Dead             Necr           55%        N/A       1%          4
 Agony                    Necr           55%        N/A       4%          5
 Slow                     Hex            24%        N/A       11%         1
 Confusing Touch          Hex            6%         N/A       32%         3
 Ignite Poison            Fire/Tmut/Pois 9%         N/A       32%         3
 Sigil of Binding         Hex            6%         N/A       32%         3
 Sticky Flame             Conj/Fire      9%         2d3       73%         4
 Summon Hydra             Summ           3%         N/A       100%        7
 Ignition                 Fire           4%         3d4       100%        8
 Sublimation of Blood     Necr           Unusable   N/A       N/A         2
 Wereblood                Tmut           Unusable   N/A       N/A         2

Dungeon Overview and Level Annotations

Branches:
Dungeon (7/15)             Temple (1/1) D:5

Altars:
Ashenzari
Dithmenos
Fedhas
Gozag
Kikubaaqudgha
Nemelex Xobeh
Okawaru
Vehumet
Wu Jian
Xom

Shops:
D:2 :

Annotations:
Temple 4 transporters


Innate Abilities, Weirdness & Mutations

You are immune to poison.
Your flesh is cold resistant. (rC+)
You are immune to negative energy. (rN+++)
You are immune to unholy pain and torment.
You are vulnerable to heat. (rF-)
You are in touch with the powers of death.
You do not drink.
You have a special connection with the divine. (Faith)


Message History

Casting: Necrotise (safe; 1% risk of failure)
Confirm with . or Enter, or press ? or * to list all spells.
Aiming: Necrotise (safe; 1% risk of failure)
Press: ? - help, Shift-Dir - straight line, f/p - wyvern
Aim: a wyvern (moderately wounded, chance to affect: 83%)
You feel a surge of power!
The wyvern writhes in agony.
The wyvern bites you!
Casting: Necrotise (safe; 1% risk of failure)
Confirm with . or Enter, or press ? or * to list all spells.
Aiming: Necrotise (safe; 1% risk of failure)
Press: ? - help, Shift-Dir - straight line, f/p - wyvern
Aim: a wyvern (heavily wounded, chance to affect: 83%)
You feel a surge of power!
The wyvern barely resists.
The wyvern bites you! The wyvern bites you.
Casting: Necrotise (safe; 1% risk of failure)
Confirm with . or Enter, or press ? or * to list all spells.
Aiming: Necrotise (safe; 1% risk of failure)
Press: ? - help, Shift-Dir - straight line, f/p - wyvern
Aim: a wyvern (heavily wounded, chance to affect: 83%)
You feel a surge of power!
The wyvern writhes in agony.
The wyvern barely misses you.
Casting: Necrotise (safe; 1% risk of failure)
Confirm with . or Enter, or press ? or * to list all spells.
Aiming: Necrotise (safe; 1% risk of failure)
Press: ? - help, Shift-Dir - straight line, f/p - wyvern
Aim: a wyvern (severely wounded, chance to affect: 83%)
You feel a surge of power!
The wyvern writhes in agony.
The wyvern barely misses you. The wyvern bites you!
* * * LOW HITPOINT WARNING * * *
Casting: Necrotise (safe; 1% risk of failure)
Confirm with . or Enter, or press ? or * to list all spells.
You don't know that spell.
Sorry, you're not good enough to have a special ability.
Unknown command.
Casting: Necrotise (safe; 1% risk of failure)
Confirm with . or Enter, or press ? or * to list all spells.
Aiming: Necrotise (safe; 1% risk of failure)
Press: ? - help, Shift-Dir - straight line, f/p - wyvern
Aim: a wyvern (severely wounded, chance to affect: 83%)
You feel a surge of power!
The wyvern writhes in agony.
The wyvern bites you!
You die...

...............
...............
...............
....!..........
...............
...............
...............
.......@.......
........l..$...
...............
...............
...............
...............
...............
###.....########.
#...


You could see a wyvern.

Vanquished Creatures
  3 water moccasins
  A sky beast (D:5)
  An ice beast (D:5)
  A kobold brigand (D:7)
  A bullfrog (D:6)
  4 scorpions
  5 hounds
  A jelly (D:4)
  An orc priest (D:4)
  A gnoll bouda (D:5)
  A sleepcap (D:5)
  4 iguanas
  3 orc wizards
  9 gnolls
  5 adders
  A worm (D:2)
  3 dart slugs
  14 orcs
  6 ball pythons
  4 endoplasms
  2 giant cockroaches
  7 goblins
  5 hobgoblins
  3 bats
  3 frilled lizards
  9 kobolds
  5 rats
103 creatures vanquished.

Vanquished Creatures (collateral kills)
  A water moccasin (D:5)
  2 gnolls (D:6)
  An adder (D:3)
  A worm (D:4)
  A ball python (D:1)
  A kobold (D:7)
7 creatures vanquished.

Grand Total: 110 creatures vanquished

Notes
Turn   | Place    | Note
-------+----------+-------------------------------------------
     0 | D:1      | BinkBink the Mummy Necromancer began the quest for the Orb.
     0 | D:1      | Reached XP level 1. HP: 13/13 MP: 4/4
   289 | D:1      | Reached XP level 2. HP: 19/19 MP: 0/6
   607 | D:1      | Found a faded altar of an unknown god.
  1154 | D:2      | Found Dumie's Vocational Training.
  1169 | D:2      | Reached XP level 3. HP: 24/24 MP: 3/7
  1582 | D:2      | Reached skill level 5 in Necromancy
  2492 | D:3      | Reached XP level 4. HP: 30/30 MP: 5/9
  3041 | D:4      | Noticed a scorpion
  3237 | D:4      | Reached XP level 5. HP: 35/35 MP: 8/11
  3309 | D:4      | Noticed a water moccasin
  3319 | D:4      | Killed a water moccasin
  3320 | D:4      | Reached skill level 6 in Necromancy
  3442 | D:4      | Reached skill level 5 in Spellcasting
  3442 | D:4      | Reached XP level 6. HP: 41/41 MP: 9/13
  3951 | D:5      | Entered Level 5 of the Dungeon
  4010 | D:5      | Reached skill level 7 in Necromancy
  4245 | D:5      | Noticed a water moccasin
  4247 | D:5      | Noticed a water moccasin
  4267 | D:5      | Killed a water moccasin
  4268 | D:5      | Reached XP level 7. HP: 26/46 MP: 7/15
  4407 | D:5      | Found a staircase to the Ecumenical Temple.
  4413 | Temple   | Found a transporter.
  4413 | Temple   | Found a transporter.
  4413 | Temple   | Found a transporter.
  4413 | Temple   | Found a transporter.
  4413 | Temple   | Entered the Ecumenical Temple
  4735 | D:5      | Reached skill level 8 in Necromancy
  6091 | D:5      | Reached XP level 8. HP: 48/52 MP: 12/18
  6370 | D:6      | Reached skill level 9 in Necromancy
  7565 | D:7      | Slain by a wyvern

Illustrated notes

Levels and vault maps discovered:
D:1:      matt_arrival_diagonals, layout_basic, ebering_ecumenical_altar_hall,
          serial_glass, glass_columns_a, glass_columns_a
D:2:      layout_loops_ring, nicolae_shop_vocational
D:3:      layout_basic, serial_curves, eino_curves_02, eino_curves_01,
          eino_curves_03, eino_curves_03
D:4:      layout_layer_cave
D:5:      layout_gridville, minmay_temple_entry_gardened_gates
D:6:      layout_basic
D:7:      layout_basic, mainiacjoe_overflow_concentric_impassable
Temple:   hellmonk_temple_divided_pantheon

Skill      XL: |  1  2  3  4  5  6  7  8 |
---------------+-------------------------+-----
Spellcasting   | 3 4 5 7 8 |  8.2
Necromancy     | 5 6 7 8 9 |  9.9
Dodging        | |  1.5
Stealth        | |  1.5

Action                     |  1- 3 |  4- 6 |  7- 9 || total
---------------------------+-------+-------+-------++-------
  Melee: Unarmed           |     2 |       |       ||     2
         Staff             |       |    12 |    51 ||    63
         Punch             |       |       |     1 ||     1
   Cast: Necrotise         |    77 |    63 |   163 ||   303
    Use: Scroll            |     4 |     4 |     2 ||    10
 Armour: Robe              |     5 |    45 |   116 ||   166
  Dodge: Dodged            |    16 |    86 |    57 ||   159

Table legend: (Time is in decaauts)
 A = Elapsed time spent in this place.
 B = Non-inter-level travel time spent in this place.
 C = Inter-level travel time spent in this place.
 D = Time resting spent in this place.
 E = Time spent auto-exploring this place.
 F = Levels seen in this place.
 G = Mean time per level.
                   A        B        C        D        E       F      G
               +--------+--------+--------+--------+--------+-----+--------+
         Total |   7579 |   7126 |    453 |     36 |   5980 |   8 |  947.4 |
       Dungeon |   7552 |   7099 |    453 |     36 |   5980 |   7 | 1078.9 |
        Temple |     26 |     26 |      0 |      0 |      0 |   1 |   26.0 |
               +--------+--------+--------+--------+--------+-----+--------+

Top non-repeatable levels by time:
     D:4: 1717 daAuts
     D:3: 1443 daAuts
     D:5: 1405 daAuts
     D:1: 1075 daAuts
     D:2: 895 daAuts
     D:6: 773 daAuts
     D:7: 243 daAuts
  Temple: 26 daAuts
